 Dungeon Crawl Stone Soup version 0.26-a0-757-g626ac9e51a (webtiles) character file.

Game seed: 7925578319775378532

25462 mhtbhm the Basher (level 13, -1/84 HPs)
             Began as a Gargoyle Berserker on Nov 7, 2020.
             Was a High Priest of Trog.
             Engulfed by a cloud of freezing vapour (3 damage)
             ... on level 10 of the Dungeon.
             The game lasted 00:27:51 (19046 turns).

mhtbhm the Basher (Gargoyle Berserker)             Turns: 19046, Time: 00:27:51

Health: -1/84      AC: 23    Str: 25    XL:     13   Next: 19%
Magic:  13/13      EV: 13    Int:  9    God:    Trog [*****.]
Gold:   426        SH:  0    Dex: 12    Spells: 12/12 levels left

rFire    + . .     SeeInvis .   a - +0 mace (vorpal)
rCold    + . .     Faith    +   (no shield)
rNeg     + . .     Spirit   .   b - +2 ring mail {MR+}
rPois    ∞         Reflect  .   (no helmet)
rElec    +         Harm     .   P - +1 cloak {rCorr}
rCorr    +         Rampage  .   e - +0 pair of gloves
MR       +....                  (no boots)
Stlth    +.........             N - amulet of Moodiness {Faith Dex+3}
HPRegen  0.24/turn              d - ring of protection from cold
MPRegen  0.13/turn              H - ring of protection from fire

@: berserk cooldown, flying, very slightly contaminated, slowed, invisible, very
slow
A: negative energy resistance 1, electricity resistance, unbreathing,
petrification resistance, rot immunity, AC +9
a: Berserk, Trog's Hand, Brothers in Arms, Renounce Religion


You were on level 10 of the Dungeon.
You worshipped Trog.
Trog was extremely pleased with you.
You visited 2 branches of the dungeon, and saw 15 of its levels.
You also visited: Ossuary.

You collected 906 gold pieces.
You spent 480 gold pieces at shops.

Inventory:

Hand Weapons
 a - a +0 vorpal mace (weapon)
Missiles
 j - 28 poisoned darts
 m - 13 atropa-tipped darts (quivered)
Armour
 b - a +2 ring mail of magic resistance (worn)
 e - a +0 pair of gloves (worn)
 P - a +1 cloak of preservation (worn)
Jewellery
 d - a ring of protection from cold (left hand)
 f - an uncursed ring of positive energy
 H - a ring of protection from fire (right hand)
 N - the amulet of Moodiness (around neck) {Faith Dex+3}
   (You found it on level 10 of the Dungeon)

   [amulet of faith]

   It allows you to gain divine favour quickly.
   It affects your dexterity (+3).
Wands
 c - a wand of digging (6)
 z - a wand of acid (8)
 D - a wand of paralysis (24)
Scrolls
 g - a scroll of torment {unknown}
 q - 5 scrolls of fog
 r - a scroll of fear
 y - 7 scrolls of teleportation
 E - 3 scrolls of remove curse
 I - 3 scrolls of enchant weapon {unknown}
 J - 2 scrolls of magic mapping {unknown}
 K - 3 scrolls of enchant armour {unknown}
 L - 2 scrolls of immolation
 M - a scroll of holy word {unknown}
Potions
 h - a potion of berserk rage
 i - 8 potions of might
 k - a potion of ambrosia
 l - 3 potions of curing
 n - 4 potions of attraction
 o - a potion of brilliance {unknown}
 p - a potion of invisibility
 u - 2 potions of magic
 v - 3 potions of mutation
 w - 2 potions of cancellation
 x - 3 potions of lignification
 A - a potion of resistance {unknown}
 B - a potion of haste
 O - 2 potions of degeneration {unknown}
Miscellaneous
 G - a condenser vane (inert)


   Skills:
 + Level 11.5 Fighting
 + Level 14.4 Maces & Flails
 + Level 12.4 Armour
 + Level 4.7 Dodging
 - Level 2.9 Stealth
 + Level 1.0 Evocations


You had 12 spell levels left.
You didn't know any spells.
Your spell library was empty.

Dungeon Overview and Level Annotations

Branches:
Dungeon (12/15)            Temple (0/1) D:4            Lair (3/6) D:10
  Swamp (0/4) Lair:2        Snake (0/4) Lair:2          Orc (0/2) D:12
Ossuary (visited)

Altars:
Cheibriados
Dithmenos
Elyvilon
Fedhas
Hepliaklqana
Kikubaaqudgha
Okawaru
Qazlal
Ru
Sif Muna
Xom
Yredelemnul
Zin

Shops:
D:6 :   D:7 :   D:8 }

Annotations:
D:9 2 transporters, Giavanni's ghost, novice GrFi


Innate Abilities, Weirdness & Mutations

You are resistant to torment.
Your stone body is resilient. (AC +9)
You are immune to poison.
You resist negative energy. (rN+)
You are resistant to electric shocks. (rElec)
You can survive without breathing.
You are immune to petrification.
You are immune to rotting.


Message History

You resist.
* * * LOW HITPOINT WARNING * * *
The ice devil closely misses you. The ice beast hits you.
* * * LOW HITPOINT WARNING * * *
The ice beast freezes you. You resist.
* * * LOW HITPOINT WARNING * * *
The ice beast barely misses you. x2; The ice devil barely misses you.
The ice beast hits you but does no damage.
You are very lightly contaminated with residual magic.
Unknown command.
Evoke which item? (* to show all) (? for menu, Esc to quit)
Press: ? - help, Shift-Dir - straight line, f - ice statue
Aim: an ice statue (freezing vapour, almost destroyed)
The bolt of acid hits the ice statue!
The ice statue is splashed with acid.
You destroy the ice statue!
Trog accepts your kill.
The ice beast disappears in a puff of smoke! x3
Your Evocations skill increases to level 1!
You resist.
You die...

#.# #......###......######### #.#
#.##..≈≈≈≈≈..##.# # #.#
#.###≈≈≈≈≈≈≈###. # (.#
#..##≈≈...≈≈##.. # ###
##..≈≈≈.....≈≈≈..# # #
##..≈≈≈.##.##.≈≈≈..## ###
#..#≈≈..#$?$#..≈≈# .# #..
#.##≈≈..°○☼☼...≈≈##.# #.#
#..#≈≈..#°@☼#..≈≈#..# #.#
##..≈≈≈.##4##.≈≈≈..# #.#
##..≈≈≈.○4°.≈≈≈..#######.#
#########..##≈≈...≈≈##..##...##.#
<.........###≈≈≈≈≈≈≈###......##.#
#########.##..≈≈≈≈≈..##.##...##..
######......###......###.###..
##...#######..#................
##.###.## ##...####.########..


You could see 2 ice devils.

Vanquished Creatures
  2 hydras
  2 two-headed ogres (D:9)
  Erica (D:10)
  4 skeletal warriors (D:11)
  An unseen horror (D:11)
  2 bog bodies (Lair:2)
  Maurice (D:10)
  8 elephants
  An ice statue (D:10)
  A gargoyle (D:11)
  5 cane toads
  A rime drake (Lair:1)
  3 komodo dragons
  5 ice devils (D:10)
  A polar bear (Lair:3)
  2 trolls
  2 wyverns (D:10)
  21 yaks
  A steam dragon (D:10)
  7 water moccasins
  3 nagas (Lair:2)
  An acid dragon (D:11)
  Duvessa (D:7)
  5 orc warriors
  A black bear (D:8)
  3 ice beasts
  4 ogres
  2 phantoms (D:8)
  6 wolves (Lair:2)
  12 centaurs
  2 wyvern zombies
  6 bullfrogs
  Dowan (D:7)
  A wyvern skeleton (D:6)
  5 scorpions
  6 killer bees (D:11)
  A howler monkey (D:4)
  An electric eel (Lair:1)
  A centaur zombie (D:10)
  2 jellies
  Crazy Yiuf (D:2)
  6 orc priests
  3 quasits
  6 hounds
  13 orc wizards
  A bullfrog skeleton (D:4)
  A centaur skeleton (D:11)
  4 iguanas
  Terence (D:3)
  11 worker ants
  A big kobold zombie (Ossuary)
  A hound skeleton (D:6)
  2 worker ant zombies
  A howler monkey zombie (D:11)
  8 mummies (Ossuary)
  3 gnolls (D:2)
  11 adders
  A shadow imp (D:10)
  3 white imps
  7 ufetubi
  An ooze (D:4)
  4 adder skeletons
  5 worms
  5 leopard geckos
  39 orcs
  9 giant cockroaches
  9 hobgoblins
  6 jackals
  5 kobolds
  4 quokkas
  2 bats
  7 frilled lizards
  A gnoll zombie (Ossuary)
  7 goblins
  4 hobgoblin zombies (Ossuary)
  A jackal skeleton (D:4)
  A kobold zombie (Ossuary)
  5 leopard gecko zombies
  An orc zombie (Ossuary)
  A quokka skeleton (D:4)
  6 rats
343 creatures vanquished.

Vanquished Creatures (others)
  6 fungi
  8 plants
14 creatures vanquished.

Grand Total: 357 creatures vanquished

Notes
Turn   | Place    | Note
-------+----------+-------------------------------------------
     0 | D:1      | mhtbhm the Gargoyle Berserker began the quest for the Orb.
     0 | D:1      | Reached XP level 1. HP: 14/14 MP: 1/1
   282 | D:1      | Reached XP level 2. HP: 19/19 MP: 2/2
   786 | D:2      | Noticed an ogre
   800 | D:2      | Killed an ogre
   800 | D:2      | Reached skill level 4 in Maces & Flails
   800 | D:2      | Reached XP level 3. HP: 23/24 MP: 3/3
   800 | D:2      | Reached XP level 4. HP: 28/29 MP: 4/4
   917 | D:2      | Reached skill level 1 in Stealth
   917 | D:2      | Reached XP level 5. HP: 28/34 MP: 5/5
  1139 | D:2      | Reached ** piety under Trog
  1186 | D:2      | Found a runed translucent door.
  1187 | D:2      | Noticed Crazy Yiuf
  1195 | D:2      | Killed Crazy Yiuf
  1505 | D:2      | Found a shimmering blue altar of Sif Muna.
  1829 | D:3      | Noticed Terence
  1843 | D:3      | Killed Terence
  1843 | D:3      | Reached XP level 6. HP: 37/39 MP: 6/6
  1932 | D:3      | Found a shimmering altar of Xom.
  1952 | D:3      | Reached skill level 5 in Maces & Flails
  2125 | D:3      | Reached *** piety under Trog
  2319 | D:3      | Found a stormy altar of Qazlal.
  2466 | D:4      | Reached XP level 7. HP: 27/44 MP: 7/7
  2485 | D:4      | Reached skill level 6 in Maces & Flails
  3097 | D:4      | Found a shadowy altar of Dithmenos.
  3136 | D:4      | Found a staircase to the Ecumenical Temple.
  3192 | D:4      | Reached skill level 5 in Fighting
  3760 | D:5      | Entered Level 5 of the Dungeon
  3949 | D:5      | Found a sacrificial altar of Ru.
  4007 | D:5      | Reached XP level 8. HP: 34/49 MP: 8/8
  4143 | D:5      | Reached skill level 7 in Maces & Flails
  4272 | D:5      | Found an iron altar of Okawaru.
  4521 | D:5      | Noticed a troll
  4536 | D:5      | Killed a troll
  4536 | D:5      | Reached skill level 5 in Armour
  4888 | D:6      | Reached **** piety under Trog
  4923 | D:6      | You fall into a shaft and drop 3 floors!
  4973 | D:9      | Noticed a two-headed ogre
  4987 | D:9      | Killed a two-headed ogre
  4987 | D:9      | Reached skill level 8 in Maces & Flails
  4987 | D:9      | Reached XP level 9. HP: 13/55 MP: 9/9
  5297 | D:8      | Found a blossoming altar of Fedhas.
  5501 | D:8      | Reached skill level 9 in Maces & Flails
  5672 | D:8      | Found a sand-covered staircase.
  5698 | Ossuary  | Entered an ossuary
  6752 | D:8      | Found a basalt altar of Yredelemnul.
  7299 | D:8      | Found Edillom's Gadget Shoppe.
  7302 | D:8      | Bought a condenser vane for 480 gold pieces
  7769 | D:7      | Found Naxzer's Book Shop.
  7797 | D:7      | Found a glowing silver altar of Zin.
  7797 | D:7      | Found an ancient bone altar of Kikubaaqudgha.
  7844 | D:7      | Noticed Duvessa
  7844 | D:7      | Noticed Dowan
  7858 | D:7      | Killed Duvessa
  7858 | D:7      | Reached skill level 10 in Maces & Flails
  7858 | D:7      | Reached XP level 10. HP: 63/63 MP: 10/10
  7870 | D:7      | Killed Dowan
  8150 | D:7      | Found a snail-covered altar of Cheibriados.
  8779 | D:6      | Reached ***** piety under Trog
  9083 | D:6      | Found a hazy altar of Hepliaklqana.
  9360 | D:6      | Found Peciysew's Book Shop.
  9705 | D:7      | Found a white marble altar of Elyvilon.
 10141 | D:9      | Noticed a two-headed ogre
 10155 | D:9      | Killed a two-headed ogre
 10155 | D:9      | Reached skill level 11 in Maces & Flails
 10460 | D:9      | Found a snail-covered altar of Cheibriados.
 10489 | D:9      | Found a transporter.
 10492 | D:9      | Noticed Giavanni's ghost (novice GrFi)
 10498 | D:9      | Identified the +4 dire flail "Eviscerator" {speed, +Fly
                  | rElec}
 10498 | D:9      | Identified the +7 great mace of Vuzos {elec, rPois Dex+3
                  | Stlth+}
 10498 | D:9      | Noticed a two-headed ogre
 10592 | D:9      | Found a transporter.
 10624 | D:10     | Entered Level 10 of the Dungeon
 10836 | D:10     | Noticed Erica
 10850 | D:10     | Killed Erica
 10850 | D:10     | Reached XP level 11. HP: 69/69 MP: 11/11
 10886 | D:10     | Reached skill level 10 in Armour
 10896 | D:10     | Got a transparent brass amulet
 10902 | D:10     | Identified the amulet of Moodiness {Faith Dex+3} (You found
                  | it on level 10 of the Dungeon)
 11285 | D:10     | Reached skill level 12 in Maces & Flails
 11384 | D:10     | Noticed Maurice
 11620 | D:10     | Killed Maurice
 11710 | D:10     | Found a staircase to the Lair.
 12110 | Lair:1   | Entered Level 1 of the Lair of Beasts
 12641 | Lair:1   | Noticed a four-headed hydra
 12677 | Lair:1   | Killed a four-headed hydra
 13601 | Lair:2   | Reached XP level 12. HP: 60/77 MP: 12/12
 13668 | Lair:2   | Found a staircase to the Swamp.
 13684 | Lair:2   | Received a gift from Trog
 13684 | Lair:2   | Reached skill level 13 in Maces & Flails
 13998 | Lair:2   | Reached skill level 10 in Fighting
 14876 | Lair:2   | Found a staircase to the Snake Pit.
 15293 | Lair:2   | Noticed a six-headed hydra
 15304 | Lair:2   | Killed a six-headed hydra
 17144 | D:11     | Reached skill level 14 in Maces & Flails
 17153 | D:11     | HP: 3/80 [skeletal warrior/+0 hand axe[a skeletal warrior]
                  | (9)]
 17170 | D:12     | Found a staircase to the Orcish Mines.
 17619 | D:11     | Reached XP level 13. HP: 74/84 MP: 13/13
 17688 | D:11     | Received a gift from Trog
 19045 | D:10     | HP: 2/84 [ice beast[an ice statue] (5)]
 19046 | D:10     | Reached skill level 1 in Evocations
 19046 | D:10     | Engulfed by a cloud of freezing vapour

Illustrated notes

Levels and vault maps discovered:
D:1:      beargit_arrival_greenhouse, layout_rooms, palyth_stone_intersect,
          chequers_serial_rivers_small_a
D:2:      layout_rooms, lemuel_doored_altar, uniq_crazy_yiuf_cottage
D:3:      layout_basic, nicolae_qazlal_eye_of_the_storm, xom_butterflies,
          uniq_terence
D:4:      layout_basic, nicolae_dithmenos_through_a_glass_darkly, temple_hall
D:5:      layout_basic, marbit_many_paths, nicolae_ru_sacrificial_ziggurat
D:6:      minmay_inner_zag, layout_rooms, lemuel_round_altar, serial_shops,
          shop_fountains
D:7:      layout_loops_ring, nicolae_overflow_hidden_temple,
          gammafunk_temple_overflow_elements, serial_shops, shop,
          cheibrodos_worm_habitat, uniq_duvessa
D:8:      layout_loops_corners, kennysheep_little_box, fedhas_altar_1,
          nicolae_ossuary_entry_monument, serial_shops, kennysheep_mini
D:9:      layout_cross, overflow_temple_1_default, gammafunk_ghost_smash
D:10:     cheibrodos_frozen_isle, layout_loops_ring, lair_entry_dummy,
          uniq_maurice, uniq_erica
D:11:     layout_basic
D:12:     layout_long_grid, orc_0_dummy, kennysheep_potato
Lair:1:   layout_cave_pods, lemuel_fruit_fields, serial_bayou_shore_a,
          lemuel_fruit_fields
Lair:2:   layout_regular_city, skrybe_swamp_entry_bodies,
          guppyfry_snake_entry_island
Lair:3:   layout_regular_city, basic_altar, cheibrodos_lair_lostbears,
          lemuel_fruit_fields, uniq_nergalle

Skill      XL: |  1  2  3  4  5  6  7  8  9 10 11 12 13 |
---------------+----------------------------------------+-----
Fighting       | 4 5 6 7 8 9 11 | 11.5
Maces & Flails | 4 5 6 8 10 11 12 14 | 14.4
Dodging        | 2 3 4 |  4.7
Stealth        | 1 2 |  2.9
Armour         | 3 4 6 7 9 11 12 | 12.4
Evocations     | 1 |  1.0

Action                   |  1- 3 |  4- 6 |  7- 9 | 10-12 | 13-15 || total
-------------------------+-------+-------+-------+-------+-------++-------
Melee: Mace              |    52 |   197 |   423 |   975 |   153 ||  1800
Invok: Berserk           |     1 |     1 |     7 |    19 |     3 ||    31
Evoke: Wand              |       |       |       |     5 |     3 ||     8
       Condenser vane    |       |       |       |     1 |       ||     1
  Use: Scroll            |     2 |     2 |     7 |    10 |     1 ||    22
       Potion            |     1 |       |       |     4 |     3 ||     8
 Stab: Sleeping          |     1 |       |       |       |       ||     1
       Invisible         |       |       |       |     1 |       ||     1
       Paralysed         |       |       |       |       |     3 ||     3
Armor: Animal skin       |    13 |       |       |       |       ||    13
       Chain mail        |    10 |   152 |   326 |     9 |       ||   497
       Plate armour      |       |       |       |   590 |       ||   590
       Ring mail         |       |       |       |    84 |   116 ||   200
Dodge: Dodged            |    45 |    97 |   213 |   459 |   113 ||   927

Table legend: (Time is in decaauts)
 A = Elapsed time spent in this place.
 B = Non-inter-level travel time spent in this place.
 C = Inter-level travel time spent in this place.
 D = Time resting spent in this place.
 E = Time spent auto-exploring this place.
 F = Levels seen in this place.
 G = Mean time per level.
                   A        B        C        D        E       F      G
               +--------+--------+--------+--------+--------+-----+--------+
         Total |  19161 |  19161 |      0 |   7019 |   7197 |  16 | 1197.6 |
       Dungeon |  14659 |  14659 |      0 |   4690 |   5980 |  12 | 1221.6 |
          Lair |   4039 |   4039 |      0 |   2133 |   1118 |   3 | 1346.3 |
       Ossuary |    461 |    461 |      0 |    195 |     99 |   1 |  461.0 |
               +--------+--------+--------+--------+--------+-----+--------+

Top non-repeatable levels by time:
    D:10: 2655 daAuts
  Lair:2: 2246 daAuts
     D:8: 2004 daAuts
  Lair:1: 1505 daAuts
     D:4: 1426 daAuts
    D:11: 1246 daAuts
     D:9: 1198 daAuts
     D:6: 1164 daAuts
     D:5: 1109 daAuts
     D:7: 1024 daAuts
     D:2: 980 daAuts
     D:1: 796 daAuts
     D:3: 629 daAuts
 Ossuary: 461 daAuts
    D:12: 423 daAuts
